 Dungeon Crawl Stone Soup version 0.22.0-75-g3901e79 (console) character file.

49 erker the Changer (level 3, 0/23 HPs)
             Began as an Octopode Transmuter on Sept 14, 2018.
             Was an Initiate of the Shining One.
             Slain by a jackal (1 damage)
             ... on level 2 of the Dungeon.
             The game lasted 00:06:04 (2131 turns).

erker the Changer (Octopode Transmuter)             Turns: 2131, Time: 00:06:04

Health: 0/23       AC:  1    Str:  9    XL:     3   Next: 77%
Magic:  3/7        EV:  8    Int: 16    God:    the Shining One [......]
Gold:   60         SH:  0    Dex: 12    Spells: 4/7 levels left

rFire    + . .     SeeInvis .     - Unarmed
rCold    . . .     Gourm    .   (no shield)
rNeg     . . .     Faith    .   (helmet restricted)
rPois    .         Spirit   .   (no amulet)
rElec    .         Reflect  .   i - ring of protection from fire
rCorr    .         Harm     .   k - -5 ring of evasion (curse)
MR       .....                  (no ring)
Stlth    +.........             (no ring)
HPRegen  0.07/turn              (no ring)
MPRegen  0.10/turn              (no ring)
                                (no ring)
                                (no ring)

@: appendage (expiring), glowing
A: almost no armour, stealthy swim, amphibious, 8 rings, constrict 8, tentacle
spike 3, camouflage 1, gelatinous body 1
a: End Transformation, Renounce Religion


You were on level 2 of the Dungeon.
You worshipped the Shining One.
The Shining One was noncommittal.
You were not hungry.
One of your tentacles had a temporary spike.
You visited 1 branch of the dungeon, and saw 3 of its levels.

You collected 60 gold pieces.

Inventory:

Missiles
 a - 26 arrows
 e - 4 needles of paralysis
Jewellery
 i - a ring of protection from fire (left tentacle)
 k - a cursed -5 ring of evasion (right tentacle)
 m - an uncursed ring of fire
Scrolls
 f - a scroll of teleportation {unknown}
 g - a scroll of remove curse {unknown}
 j - a scroll of blinking {unknown}
 n - a scroll of enchant weapon {unknown}
Potions
 b - 3 potions of curing
 d - 2 potions of resistance {unknown}
 h - 2 potions of flight {unknown}
 l - a potion of invisibility {unknown}
Comestibles
 c - a ration


   Skills:
 - Level 1.0 Fighting
 - Level 2.0 Dodging
 - Level 3.0 Unarmed Combat
 + Level 2.8 Spellcasting
 * Level 3.3 Transmutations


You had 4 spell levels left.
You knew the following spells:

 Your Spells              Type           Power        Failure   Level  Hunger
a - Beastly Appendage     Tmut           ##....       4%          1    #......
t - Sticks to Snakes      Tmut           ##......     8%          2    ##.....

Your spell library contained the following spells:

 Spells                   Type           Power        Failure   Level  Hunger
 Spider Form              Tmut/Pois      #.........   28%         3    ###....
 Ice Form                 Ice/Tmut       #.......     67%         4    #####..
 Blade Hands              Tmut           ##........   80%         5    ######.


Dungeon Overview and Level Annotations

Branches:
Dungeon (3/15)

Altars:
Xom
Yredelemnul
The Shining One


Innate Abilities, Weirdness & Mutations

You cannot wear most types of armour.
You are very stealthy in the water. (Stealth+)
You are amphibious.
You can wear up to eight rings at the same time.
You can use your tentacles to constrict eight enemies at once.
Your skin changes colour to match your surroundings (Stealth+).
Your rubbery body absorbs attacks. (AC +1, EV +1)
One of your tentacles bears a large vicious spike.


Message History

The jackal bites you.
* * * LOW HITPOINT WARNING * * *
The bat hits you. The Shining One protects you from harm!
You feel better. The bat hits you.
* * * LOW HITPOINT WARNING * * *
The jackal bites you but does no damage.
The jackal bites you.
* * * LOW HITPOINT WARNING * * *
The jackal bites you.
* * * LOW HITPOINT WARNING * * *
Casting: Sticks to Snakes (safe; 8% risk of failure)
Confirm with . or Enter, or press ? or * to list all spells.
You create a snake!
You now have 26 arrows.
The bat barely misses you. The jackal bites you.
* * * LOW HITPOINT WARNING * * *
The jackal bites you.
* * * LOW HITPOINT WARNING * * *
The jackal bites you.
You die...

....#....#
..#.#.#..#
..#.#.#..#
..#.#.#..#
..#.#.#..#
..#.#.#..####
....#.......####
....#..........###
...............+@##
..............S.hh##
..............b##..#
.......##..........#
.....#)##.....######
.....#.##.#...#...#
.....#.##.#...#.#.#
.....#.##.#...#.#.#
.....#....#...#.#.#
#####


You could see 2 jackals, a bat and a friendly ball python.

Vanquished Creatures
  An adder (D:2)
  A dart slug (D:1)
  3 leopard geckos
  3 goblins
  4 hobgoblins
  2 jackals (D:2)
  2 kobolds (D:2)
  A quokka (D:2)
  4 bats
  2 frilled lizards (D:2)
  4 rats
27 creatures vanquished.

Vanquished Creatures (collateral kills)
  A dart slug (D:2)
  2 goblins (D:2)
  A hobgoblin (D:2)
  2 jackals (D:2)
  2 kobolds (D:2)
8 creatures vanquished.

Grand Total: 35 creatures vanquished

Notes
Turn   | Place    | Note
-------+----------+-------------------------------------------
     0 | D:1      | erker the Octopode Transmuter began the quest for the Orb.
     0 | D:1      | Reached XP level 1. HP: 13/13 MP: 3/3
   287 | D:1      | Reached XP level 2. HP: 8/18 MP: 3/5
   294 | D:1      | Learned a level 2 spell: Sticks to Snakes
   836 | D:2      | Found a glowing golden altar of the Shining One.
   839 | D:2      | Noticed an angel
   844 | D:2      | Became a worshipper of the Shining One
   932 | D:2      | Reached XP level 3. HP: 12/23 MP: 2/6
  1846 | D:2      | Found a shimmering altar of Xom.
  2062 | D:2      | Found a basalt altar of Yredelemnul.
  2129 | D:2      | HP: 1/23 [jackal (3)]
  2129 | D:2      | The Shining One protects you from harm!
  2131 | D:2      | Slain by a jackal

Skill      XL: |  1  2  3 |
---------------+----------+-----
Transmutations | 3 |  3.3
Fighting       | |  1.0
Dodging        | |  2.0
Unarmed Combat | |  3.0
Spellcasting   | |  2.8

Action                   || total
-------------------------++-------
Melee: Unarmed           ||    74
       Constrict         ||    20
       Kick              ||    11
       Tentacles         ||     5
       Punch             ||     1
 Cast: Beastly Appendage ||    14
       Sticks to Snakes  ||     7
  Use: Potion            ||     2
  Eat: Chunk             ||     4
Armor: Skin              ||    19
Dodge: Dodged            ||    49
